 Dungeon Crawl Stone Soup version 0.28-a0-1638-g9123634e07 (webtiles) character file.

Game seed: 6768640996735759286

5385 Gildeon the Severer (level 10, -8/81 HPs)
             Began as a Minotaur Fighter on Jan 25, 2022.
             Was a Believer of the Shining One.
             Shot with an arrow by a centaur (10 damage)
             ... on level 9 of the Dungeon.
             The game lasted 00:15:06 (7289 turns).

Gildeon the Severer (Minotaur Fighter)              Turns: 7289, Time: 00:15:07

Health: -8/81      AC: 12    Str: 30    XL:     10   Next: 39%
Magic:  10/11      EV:  9    Int:  5    God:    the Shining One [**....]
Gold:   394        SH:  9    Dex: 11    Spells: 11/11 levels left

rFire   . . .      SeeInvis .   a - +0 war axe
rCold   . . .      Faith    .   y - +0 kite shield
rNeg    + . .      Spirit   .   n - +0 chain mail
rPois   .          Reflect  .   (helmet restricted)
rElec   .          Harm     .   r - +0 cloak
rCorr   .          Rampage  .   w - +0 pair of gloves
Will    .....                   (no boots)
Stlth   ..........              (no amulet)
HPRegen 0.23/turn               u - +6 ring of strength
MPRegen 0.12/turn               v - +4 ring of slaying

@: glowing
A: horns 2, retaliatory headbutt
a: Renounce Religion, Divine Shield


You were on level 9 of the Dungeon.
You worshipped the Shining One.
The Shining One was pleased with you.
You visited 2 branches of the dungeon, and saw 10 of its levels.

You collected 514 gold pieces.
You spent 120 gold pieces at shops.

Inventory:

Hand Weapons
 a - a +0 war axe (weapon)
 x - a +1 flail of holy wrath
Armour
 n - a +0 chain mail (worn)
 r - a +0 cloak (worn)
 w - a +0 pair of gloves (worn)
 y - a +0 kite shield (worn)
Jewellery
 b - a ring of fire
 p - a +4 ring of evasion
 u - a +6 ring of strength (left hand)
 v - a +4 ring of slaying (right hand)
 C - a ring of poison resistance
Wands
 E - a wand of iceblast (6)
Scrolls
 c - 2 scrolls of blinking {unknown}
 e - a scroll of fear {unknown}
 f - 2 scrolls of vulnerability {unknown}
 h - 3 scrolls of teleportation
 i - a scroll of silence {unknown}
 j - a scroll of acquirement {unknown}
 m - 2 scrolls of enchant weapon {unknown}
 o - a scroll of amnesia {unknown}
 s - a scroll of fog
 B - a scroll of magic mapping {unknown}
 D - 2 scrolls of identify {unknown}
Potions
 d - a potion of might
 g - a potion of attraction {unknown}
 k - 2 potions of resistance {unknown}
 l - 3 potions of curing
 q - 4 potions of haste {unknown}
 t - 3 potions of cancellation {unknown}
 z - a potion of heal wounds
 A - 2 potions of magic {unknown}
 F - a potion of flight {unknown}


   Skills:
 - Level 5.0 Fighting
 + Level 15.7 Axes
 - Level 5.0 Armour
 - Level 5.0 Dodging
 - Level 5.0 Shields
 + Level 1.3 Spellcasting
 + Level 2.0 Invocations
 + Level 1.8 Evocations


You had 11 spell levels left.
You didn't know any spells.
Your spell library contained the following spells:

 Spells                   Type           Power      Damage    Failure   Level
 Sandblast                Erth           0%         2d4       99%         1
 Slow                     Hex            0%         N/A       99%         1
 Blink                    Tloc           0%         N/A       100%        2
 Passwall                 Tmut/Erth      0%         N/A       100%        2
 Call Canine Familiar     Summ           0%         N/A       100%        3
 Confusing Touch          Hex            0%         N/A       100%        3
 Lesser Beckoning         Tloc           0%         N/A       100%        3
 Portal Projectile        Hex/Tloc       0%         N/A       100%        3
 Stone Arrow              Conj/Erth      0%         3d7       100%        3
 Vampiric Draining        Necr           0%         2d6       100%        3
 Leda's Liquefaction      Hex/Erth       0%         N/A       100%        4
 Manifold Assault         Tloc           0%         N/A       100%        5


Dungeon Overview and Level Annotations

Branches:
Dungeon (9/15)             Temple (1/1) D:5
   Lair: D:8-11         Orc: D:9-12

Altars:
Ashenzari
Cheibriados
Elyvilon
Fedhas
Gozag
Hepliaklqana
Kikubaaqudgha
Makhleb
Nemelex Xobeh
Okawaru
Qazlal
Ru
Sif Muna
Trog
Uskayaw
Vehumet
Wu Jian
Xom
Yredelemnul
Zin
The Shining One

Shops:
D:3 =   D:4 *   D:5 !


Innate Abilities, Weirdness & Mutations

You have a pair of horns on your head.
You reflexively headbutt those who attack you in melee.


Message History

The gnoll shaman is almost dead.
The gnoll shaman hits you but does no damage.
You slice the gnoll shaman!!
You kill the gnoll shaman!
The Shining One accepts your kill.
You barely miss the wolf. The wolf bites you but does no damage.
You barely miss the wolf. The wolf bites you!
The electric eel shoots out a bolt of lightning at you!
The bolt of electricity hits you. The wolf bites you but does no damage.
You hit the wolf.
The wolf is lightly wounded.
A centaur comes into view.
You block the wolf's attack.
You slash the wolf! Your headbutt misses the wolf.
The wolf is severely wounded.
You block the wolf's attack.
The centaur wields a +0 shortbow.
The centaur shoots an arrow.
The arrow hits you.
A centaur zombie comes into view.
The wolf bites you but does no damage.
You slash the wolf!
You kill the wolf!
The centaur shoots an arrow.
You block the arrow.
The centaur shoots an arrow.
The arrow closely misses you.
Your Invocations skill increases to level 2!
The centaur shoots an arrow.
The arrow hits you.
The electric eel shoots out a bolt of lightning at you!
The bolt of electricity hits you!
* * * LOW HITPOINT WARNING * * *
Items here: (( )))))))))) [ ††††††††.
The centaur shoots an arrow.
The arrow completely misses you.
The electric eel shoots out a bolt of lightning at you!
The bolt of electricity hits you!
* * * LOW HITPOINT WARNING * * *
There is an open door here.
The centaur shoots an arrow.
The arrow hits you!
* * * LOW HITPOINT WARNING * * *
Things that are here:
a wyvern corpse; a wolf corpse The centaur shoots an arrow.
The arrow hits you!
You die...

≈ ≈≈ ≈≈≈ ≈... ############
≈≈S.. #..........#
.....c#### #..........#
≈≈≈Z..)).# ###..........#
≈≈≈≈..†#c####.'..........#
≈≈≈....#.'†..@#..........#
≈.≈....#.######..........#
.≈≈....#.# #####'######
...≈..#### #.# ...... #.##
####.# #..## ##..# ##.#
#.#


You could see a centaur.

Vanquished Creatures
  Harold (D:7)
  Pikel (D:7)
  A troll (D:9)
  A wyvern (D:9)
  6 yaks (D:8)
  3 steam dragons
  An orc warrior (D:9)
  2 sky beasts (D:7)
  4 wolves (D:9)
  3 necrophages
  2 centaurs
  3 lemures (D:7)
  A phantom (D:6)
  A kobold brigand (D:9)
  Blork the orc (D:6)
  2 bullfrogs (D:8)
  A water moccasin zombie (D:7)
  A scorpion (D:4)
  A water moccasin skeleton (D:5)
  A wyvern skeleton (D:7)
  4 wights (D:8)
  2 howler monkeys (D:7)
  2 centaur zombies (D:6)
  2 centaur skeletons
  2 bullfrog zombies
  4 orc priests
  2 hounds (D:9)
  A jelly (D:6)
  A gnoll shaman (D:9)
  An iron imp (D:6)
  4 iguanas
  6 orc wizards
  3 gnolls (D:9)
  4 adders
  2 white imps
  2 worms (D:2)
  An adder skeleton (D:4)
  3 dart slugs
  23 orcs
  2 ball pythons
  9 endoplasms
  2 giant cockroaches (D:1)
  8 goblins
  5 hobgoblins
  9 kobolds
  4 quokkas
  5 bats
  3 frilled lizards
  7 rats
160 creatures vanquished.

Vanquished Creatures (others)
  12 plants (D:7)
12 creatures vanquished.

Grand Total: 172 creatures vanquished

Notes
Turn   | Place    | Note
-------+----------+-------------------------------------------
     0 | D:1      | Gildeon the Minotaur Fighter began the quest for the Orb.
     0 | D:1      | Reached XP level 1. HP: 19/19 MP: 0/0
     1 | D:1      | Noticed an electric eel
   326 | D:1      | Reached skill level 3 in Axes
   459 | D:1      | Reached XP level 2. HP: 26/26 MP: 1/1
   689 | D:2      | Reached skill level 4 in Axes
   927 | D:2      | Reached XP level 3. HP: 25/31 MP: 2/2
  1851 | D:3      | Reached skill level 5 in Axes
  1933 | D:3      | Found a faded altar of an unknown god.
  2011 | D:3      | Found Potiejeca's Jewellery Shop.
  2213 | D:3      | Reached XP level 4. HP: 39/39 MP: 3/3
  2523 | D:3      | Identified the +1 leather armour of the Trees {Stlth+}
  2902 | D:4      | Found Lyag's Gadget Gallery.
  2905 | D:4      | Noticed a necrophage
  2927 | D:5      | Entered Level 5 of the Dungeon
  2949 | D:5      | Reached skill level 6 in Axes
  3014 | D:5      | Reached XP level 5. HP: 45/45 MP: 4/4
  3034 | D:5      | Noticed a necrophage
  3146 | D:6      | Reached skill level 7 in Axes
  3409 | D:6      | Reached XP level 6. HP: 47/52 MP: 5/5
  3508 | D:6      | Reached skill level 8 in Axes
  3559 | D:6      | Reached skill level 5 in Fighting
  3647 | D:6      | Found a snail-covered altar of Cheibriados.
  3687 | D:6      | Noticed Blork the orc
  3693 | D:6      | Killed Blork the orc
  3694 | D:6      | Reached XP level 7. HP: 50/61 MP: 6/6
  3812 | D:6      | Found a glowing golden altar of the Shining One.
  3819 | D:6      | Became a worshipper of the Shining One
  3922 | D:5      | Reached skill level 9 in Axes
  4155 | D:5      | Found a staircase to the Ecumenical Temple.
  4166 | Temple   | Entered the Ecumenical Temple
  4337 | D:5      | Found a burning altar of Makhleb.
  4548 | D:5      | Reached skill level 10 in Axes
  4572 | D:5      | Noticed a steam dragon
  4579 | D:5      | Killed a steam dragon
  4778 | D:5      | Found Teonamuk's Distillery.
  4781 | D:5      | Bought a potion of curing for 45 gold pieces
  4781 | D:5      | Bought a potion of heal wounds for 75 gold pieces
  4952 | D:4      | Reached XP level 8. HP: 68/68 MP: 7/7
  4987 | D:4      | Reached skill level 11 in Axes
  5548 | D:7      | Noticed Pikel
  5555 | D:7      | Killed Pikel
  5556 | D:7      | Reached skill level 13 in Axes
  5570 | D:7      | Reached XP level 9. HP: 14/74 MP: 8/8
  5763 | D:7      | Reached * piety under the Shining One
  5767 | D:7      | Reached skill level 14 in Axes
  5779 | D:7      | Noticed a five-headed hydra
  5989 | D:7      | Noticed Harold
  5997 | D:7      | Killed Harold
  6244 | D:8      | Reached skill level 5 in Armour
  6244 | D:8      | Reached skill level 5 in Shields
  6433 | D:8      | Reached skill level 15 in Axes
  6436 | D:8      | Reached XP level 10. HP: 30/81 MP: 9/9
  6443 | D:8      | Reached skill level 5 in Dodging
  7220 | D:9      | Reached skill level 1 in Invocations
  7222 | D:9      | Reached skill level 1 in Evocations
  7242 | D:9      | Reached skill level 1 in Spellcasting
  7278 | D:9      | Reached ** piety under the Shining One
  7286 | D:9      | HP: 2/81 [centaur/arrow (12)]
  7289 | D:9      | Shot with an arrow by a centaur

Illustrated notes

Levels and vault maps discovered:
D:1:      arrival_aquarium_a, layout_basic, amcnicky_mini_corridor_feature
D:2:      layout_loops_ring, minivault_5, minmay_liquid_box,
          kennysheep_generic_room_4
D:3:      layout_loops_corners, dreamdust_ecumenical_altar_hidden_monk_grotto,
          serial_shops, shop
D:4:      kennysheep_big_flooded_room, layout_basic, nicolae_shop_gadgets
D:5:      layout_loops_ring, mainiacjoe_overflow_paths,
          minmay_temple_entry_proselytizer, serial_shops,
          nicolae_shop_behind_doors, item_on_display_a
D:6:      layout_cave_pools, tso_altar, slow_altar_1, serial_glass,
          glass_columns_c, glass_columns_c, uniq_blork_the_orc
D:7:      layout_layer_cave, marbit_many_paths, enter_bailey_4,
          minmay_shattered_shrine, uniq_pikel, uniq_harold
D:8:      layout_loops_cross
D:9:      layout_roguey, erik_lair_island
Temple:   mainiacjoe_temple_coin_purse

Skill      XL: |  1  2  3  4  5  6  7  8  9 10 |
---------------+-------------------------------+-----
Axes           | 3 4 5 6 7 8 10 13 15 | 15.7
Fighting       | 4 5 |  5.0
Armour         | 5 |  5.0
Dodging        | 4 5 |  5.0
Shields        | 5 |  5.0
Invocations    | 2 |  2.0
Evocations     | 1 |  1.8
Spellcasting   | 1 |  1.3

Action                   |  1- 3 |  4- 6 |  7- 9 | 10-12 || total
-------------------------+-------+-------+-------+-------++-------
Melee: War axe           |    75 |    74 |   157 |    55 ||   361
       Headbutt          |    10 |    17 |    30 |    13 ||    70
  Use: Scroll            |       |     1 |     1 |       ||     2
Armor: Scale mail        |    28 |     5 |       |       ||    33
       Chain mail        |       |    24 |    62 |    19 ||   105
Dodge: Dodged            |    23 |    39 |    42 |    16 ||   120
Block: Buckler           |    16 |     8 |     2 |       ||    26
       Kite shield       |       |       |    48 |    19 ||    67

Table legend: (Time is in decaauts)
 A = Elapsed time spent in this place.
 B = Non-inter-level travel time spent in this place.
 C = Inter-level travel time spent in this place.
 D = Time resting spent in this place.
 E = Time spent auto-exploring this place.
 F = Levels seen in this place.
 G = Mean time per level.
                   A        B        C        D        E       F      G
               +--------+--------+--------+--------+--------+-----+--------+
         Total |   7329 |   6966 |    363 |    253 |   5476 |  10 |  732.9 |
       Dungeon |   7170 |   6821 |    349 |    253 |   5346 |   9 |  796.7 |
        Temple |    158 |    144 |     14 |      0 |    130 |   1 |  158.0 |
               +--------+--------+--------+--------+--------+-----+--------+

Top non-repeatable levels by time:
     D:8: 1135 daAuts
     D:5: 1067 daAuts
     D:2: 1007 daAuts
     D:3: 996 daAuts
     D:6: 853 daAuts
     D:4: 833 daAuts
     D:1: 676 daAuts
     D:7: 461 daAuts
  Temple: 158 daAuts
     D:9: 138 daAuts
